 Dungeon Crawl Stone Soup version 0.26-a0-712-ga5a9c9c9d0 (webtiles) character file.

Game seed: 9370080194360430627

172 runemasterragnar the Ducker (level 5, -14/36 HPs)
             Began as an Octopode Fighter on Nov 2, 2020.
             Demolished by an orc warrior
             ... wielding a +0 long sword
              (17 damage)
             ... on level 3 of the Dungeon.
             The game lasted 00:02:01 (3697 turns).

runemasterragnar the Ducker (Octopode Fighter)      Turns: 3697, Time: 00:02:03

Health: -14/36     AC:  1    Str: 15    XL:     5   Next: 53%
Magic:  5/5        EV: 12    Int: 11    God:
Gold:   140        SH:  9    Dex: 12    Spells: 4/4 levels left

rFire    . . .     SeeInvis .   a - +0 long sword
rCold    . . .     Faith    .   b - +0 kite shield
rNeg     . . .     Spirit   .   (helmet restricted)
rPois    .         Reflect  .   (no amulet)
rElec    .         Harm     .   (no ring)
rCorr    .         Rampage  .   (no ring)
MR       .....                  (no ring)
Stlth    +++.......             (no ring)
HPRegen  0.12/turn              (no ring)
MPRegen  0.09/turn              (no ring)
                                (no ring)
                                (no ring)

@: no status effects
A: almost no armour, stealthy swim, amphibious, 8 rings, constrict 8, camouflage
1, gelatinous body 1
a: no special abilities


You were on level 3 of the Dungeon.
You visited 1 branch of the dungeon, and saw 4 of its levels.

You collected 140 gold pieces.

Inventory:

Hand Weapons
 a - a +0 long sword (weapon)
Missiles
 e - 69 sling bullets
 k - 15 poisoned darts (quivered)
Armour
 b - a +0 kite shield (worn)
Jewellery
 g - an uncursed ring of protection from fire {unknown}
 i - an uncursed amulet of reflection {unknown}
Scrolls
 d - a scroll of blinking {unknown}
 f - a scroll of magic mapping {unknown}
 h - 4 scrolls of identify {unknown}
 s - a scroll of fog {unknown}
 u - a scroll of remove curse {unknown}
 v - a scroll of teleportation {unknown}
 x - a scroll of immolation {unknown}
Potions
 c - 2 potions of might
 j - a potion of flight {unknown}
 l - 2 potions of haste {unknown}
 m - a potion of degeneration {unknown}
 n - 2 potions of cancellation {unknown}
 o - a potion of magic {unknown}
 p - a potion of lignification {unknown}
 q - a potion of invisibility {unknown}
 r - a potion of stabbing {unknown}
 t - 2 potions of curing {unknown}
 w - a potion of brilliance {unknown}
 z - a potion of berserk rage {unknown}


   Skills:
 + Level 3.4 Fighting
 * Level 3.4 Long Blades
 + Level 1.4 Throwing
 + Level 3.5 Dodging
 + Level 2.1 Stealth
 + Level 3.5 Shields
 + Level 1.3 Unarmed Combat


You had 4 spell levels left.
You didn't know any spells.
Your spell library was empty.

Dungeon Overview and Level Annotations

Branches:
Dungeon (4/15)
 Temple: D:4-7

Altars:

Annotations:
D:3 1 runed translucent door, Crazy Yiuf


Innate Abilities, Weirdness & Mutations

You cannot wear most types of armour.
You are very stealthy in the water. (Stealth+)
You are amphibious.
You can wear up to eight rings at the same time.
You can use your tentacles to constrict eight enemies at once.
Your skin changes colour to match your surroundings (Stealth+).
Your rubbery body absorbs attacks. (AC +1, EV +1)


Message History

Found 30 gold pieces, 24 stones and a golden potion.
Found an escape hatch in the floor.
Found two stone staircases leading up and a stone staircase leading down.
There is a stone staircase leading up here.
You hear a shout!
You hear a bark!
You hear a shout!
There is a stone staircase leading up here.
The orc warrior hits you with a +0 long sword!
You climb upwards.
Level annotation: 1 runed translucent door, Crazy Yiuf
There is a stone staircase leading down here.
The orc misses you.
You barely miss the orc warrior. Your grab misses the orc warrior.
You block the orc warrior's attack.
You closely miss the orc warrior. Your grab misses the orc warrior.
You tentacle-slap the orc warrior.
The orc warrior is lightly wounded.
The orc warrior hits you with a +0 long sword!
* * * LOW HITPOINT WARNING * * *
The orc warrior hits you with a +0 long sword!
You die...

# # ########## #
#........# ##### ###
#.######.# #...#
##.###.######.### #.#.#
##...##..(.@oo>..#
#.#.#
#.....#.)#.###.#.#
#.... ##...##..#.#
#.#.# #...#
#######.........###.#.#
#...#
...........#........#.#
#...#
########....#.#####.#.#
#...# ###
##..#####....#.# ##.##
^.# #....# ######.#
#... #.# ♣....♣
####.#### ####


You could see an orc warrior and an orc.

Vanquished Creatures
  2 orc wizards (D:3)
  4 adders
  An ooze (D:1)
  4 worms
  2 dart slugs (D:2)
  2 orcs (D:3)
  5 bats
  5 giant cockroaches
  7 goblins
  4 hobgoblins
  3 jackals (D:1)
  6 kobolds
  4 quokkas
  A ball python (D:3)
  3 frilled lizards
  7 rats
60 creatures vanquished.

Notes
Turn   | Place    | Note
-------+----------+-------------------------------------------
     0 | D:1      | runemasterragnar the Octopode Fighter began the quest for
                  | the Orb.
     0 | D:1      | Reached XP level 1. HP: 16/16 MP: 1/1
   140 | D:1      | Reached XP level 2. HP: 14/21 MP: 2/2
   616 | D:1      | Reached XP level 3. HP: 20/26 MP: 3/3
   844 | D:2      | Reached skill level 1 in Stealth
  1860 | D:2      | Reached XP level 4. HP: 31/31 MP: 4/4
  2200 | D:3      | Reached skill level 1 in Throwing
  2200 | D:3      | Reached skill level 1 in Unarmed Combat
  2333 | D:3      | Reached XP level 5. HP: 6/36 MP: 5/5
  3665 | D:3      | Found a runed translucent door.
  3666 | D:3      | Noticed Crazy Yiuf
  3688 | D:4      | Noticed an orc warrior
  3697 | D:3      | Demolished by an orc warrior

Illustrated notes

Levels and vault maps discovered:
D:1:      lemuel_arrival_muddy, layout_loops_ring, minmay_box_of_dots
D:2:      layout_loops_ring, minmay_misc_feat_x
D:3:      layout_loops_corners, uniq_crazy_yiuf_cottage
D:4:      layout_rooms, serial_curves, eino_curves_02, eino_curves_04,
          serial_bayou_pond_e

Skill      XL: |  1  2  3  4 |
---------------+-------------+-----
Stealth        | 1 2 |  2.1
Throwing       | 1 |  1.4
Unarmed Combat | 1 |  1.3
Long Blades    | 3 |  3.4
Fighting       | |  3.4
Dodging        | |  3.5
Shields        | |  3.5

Action                   |  1- 3 |  4- 6 || total
-------------------------+-------+-------++-------
Melee: Long sword        |    48 |    63 ||   111
       Constrict         |    19 |    14 ||    33
       Tentacles         |    17 |     3 ||    20
       Punch             |       |     2 ||     2
 Stab: Sleeping          |     5 |     7 ||    12
Armor: Skin              |     1 |     3 ||     4
Dodge: Dodged            |    20 |    23 ||    43
Block: Kite shield       |    12 |    23 ||    35
       Rpst.: Long sword |     7 |     4 ||    11

Table legend: (Time is in decaauts)
 A = Elapsed time spent in this place.
 B = Non-inter-level travel time spent in this place.
 C = Inter-level travel time spent in this place.
 D = Time resting spent in this place.
 E = Time spent auto-exploring this place.
 F = Levels seen in this place.
 G = Mean time per level.
                   A        B        C        D        E       F      G
               +--------+--------+--------+--------+--------+-----+--------+
         Total |   3733 |   3675 |     58 |    874 |   2412 |   4 |  933.2 |
       Dungeon |   3733 |   3675 |     58 |    874 |   2412 |   4 |  933.2 |
               +--------+--------+--------+--------+--------+-----+--------+

Top non-repeatable levels by time:
     D:3: 1516 daAuts
     D:2: 1383 daAuts
     D:1: 829 daAuts
     D:4: 3 daAuts
